 Dungeon Crawl Stone Soup version 0.18.1-50-g88ac8fd (webtiles) character file.

5998 Chiseanne the Fighter (level 10, -6/88 (89) HPs)
             Began as a Centaur Air Elementalist on Oct 21, 2016.
             Was an Initiate of Gozag.
             Mangled by a merfolk
             ... wielding a +0 spear
              (20 damage)
             ... on level 9 of the Dungeon.
             The game lasted 00:39:04 (15823 turns).

Chiseanne the Fighter (Centaur Air Elementalist)   Turns: 15823, Time: 00:39:05

HP:   -6/88 (89)    AC:  9    Str: 11    XL:     10   Next: 55%
MP:   19/19         EV: 16    Int: 12    God:    Gozag
Gold: 393           SH:  0    Dex: 15    Spells: 3 memorised, 15 levels left

rFire  . . .     SeeInvis .     s - +3 spear (venom)
rCold  . . .     Gourm    .     l - +0 robe
rNeg   + + .     Faith    .     (no shield)
rPois  .         Spirit   .     H - +2 helmet of Autumn {rN++ Int-5 Dex+5}
rElec  .         Dismiss  .     g - +1 cloak
rCorr  .         Reflect  .     (no gloves)
SustAt .         Harm     .     (no barding)
MR     .....                    (no amulet)
Stlth  +.........               (no ring)
                                x - +3 ring of evasion

@: repel missiles, very quick, not resistant to hostile enchantments, very
unstealthy
A: hooves 3, deformed body, speed 2, tough skin 3
a: Potion Petition, Call Merchant, Bribe Branch, Renounce Religion


You were on level 9 of the Dungeon.
You worshipped Gozag.
Gozag was noncommittal.
You were not hungry.

You visited 2 branches of the dungeon, and saw 10 of its levels.
You also visited: Sewer.

You collected 504 gold pieces.
You paid 111 gold pieces to Gozag.

Inventory:

Hand Weapons
 a - the +5 dagger "Eviscerator" {pierce, +Blink +Rage MR- MP+9}
   (You found it on level 4 of the Dungeon)

   It inflicts extra damage upon your enemies.
   It affects your resistance to hostile enchantments.
   It affects your magic capacity (+9).
   It lets you blink.
   It lets you go berserk.
 d - a +0 whip of holy wrath
 s - a +3 spear of venom (weapon)
 I - a +0 blowgun
Missiles
 o - 85 bolts
 p - 112 arrows
 r - 285 stones
 u - 39 poisoned needles
 v - 36 sling bullets
 w - 9 javelins (quivered)
 G - 5 curare-tipped needles
Armour
 g - a +1 cloak (worn)
 l - a +0 robe (worn)
 H - the +2 helmet of Autumn (worn) {rN++ Int-5 Dex+5}
   (You found it on level 9 of the Dungeon)

   It affects your intelligence (-5).
   It affects your dexterity (+5).
   It greatly protects you from negative energy.
Jewellery
 x - a +3 ring of evasion (left hand)
Wands
 f - a wand of teleportation (4/9)
 C - a wand of disintegration (9/24)
 K - a wand of paralysis (1/24)
 N - a wand of enslavement (6/24)
Scrolls
 k - 4 scrolls of remove curse
 z - 3 scrolls of teleportation
 B - 2 scrolls of immolation
 D - a scroll of recharging
 E - a scroll of fog
Potions
 e - 2 potions of brilliance
 h - 3 potions of haste
 i - a potion of invisibility {unknown}
 j - 6 potions of curing
 m - a potion of ambrosia {unknown}
 n - 6 potions of flight
 q - 2 potions of heal wounds
 t - a potion of cure mutation {unknown}
 A - 5 potions of lignification
 F - 2 potions of might
 J - a potion of magic
 M - a potion of mutation {unknown}
Books
 b - a book of Air

   Spells                             Type                      Level
   a - Shock                          Conjuration/Air              1
   b - Swiftness                      Charms/Air                   2
   c - Repel Missiles                 Charms/Air                   2
   d - Static Discharge               Conjuration/Air              3
   e - Lightning Bolt                 Conjuration/Air              5
Comestibles
 c - 5 bread rations
 y - 4 meat rations


   Skills:
 * Level 8.3 Fighting
 * Level 6.1 Dodging
 - Level 1.2 Stealth
 * Level 6.4 Spellcasting
 - Level 6.9 Conjurations
 - Level 2.6 Air Magic


You had 15 spell levels left.
You knew the following spells:

 Your Spells              Type           Power        Failure   Level  Hunger
a - Shock                 Conj/Air       ###.         2%          1    None
b - Static Discharge      Conj/Air       ###.....     10%         3    ###....
c - Repel Missiles        Chrm/Air       #.....       17%         2    ##.....


Dungeon Overview and Level Annotations

Branches:
Dungeon (9/15)             Temple (1/1) D:7            Lair (0/8) D:8
    Orc: D:9-12

Altars:
Ashenzari
Cheibriados
Dithmenos
Elyvilon
Fedhas
Gozag
Kikubaaqudgha
Makhleb
Nemelex Xobeh
Okawaru
Pakellas
Qazlal
Ru
Sif Muna
Trog
Vehumet
Xom
Yredelemnul
Zin
The Shining One

Shops:
D:6 (

Annotations:
D:7 4 runed doors, nikopol's ghost, novice HOBe


Innate Abilities, Weirdness & Mutations

You have hooves in place of feet.
Armour fits poorly on your strangely shaped body.
You cover ground very quickly.
You have extremely tough skin (AC +3).


Message History

You hit the merfolk but do no damage.
The merfolk looks even sicker.
Your kick misses the merfolk.
The merfolk is lightly wounded.
The merfolk hits you with a spear.
You closely miss the merfolk. You kick the merfolk, but do no damage.
The merfolk is moderately wounded.
The merfolk closely misses you. The merfolk hits you with a spear!
You closely miss the merfolk.
The merfolk is moderately wounded.
The merfolk hits you with a spear!
* * * LOW HITPOINT WARNING * * *
You closely miss the merfolk.
The merfolk is moderately wounded.
The merfolk hits you with a spear.
* * * LOW HITPOINT WARNING * * *
You closely miss the merfolk.
The merfolk is heavily wounded.
The merfolk hits you with a spear!!
You die...
Your body crumbles into a pile of gold.

#.##.##..#####.##....##.#......
#.#.........##.##..........####
#.#............................
#.#..................####......
#.#......#.....................
#.#......#......#....###.......
###.#...........######...........
................#≈≈≈≈#...........
#####...........@..(.#..##...##..
#...........#m#%%#...........
#...........######...........
####.......####..............
#.......#.............#.#.
#.......#.................
#.....................#.#.
######.#...............)......
#......#.............#........


You could see a merfolk.

Vanquished Creatures
  The ghost of MrBudgens the Chiller, a novice MfIE of Nemelex Xobeh (D:6)
  Grinder (D:4)
  A wraith (D:8)
  A human (D:3)
  5 yaks (D:9)
  A hungry ghost (D:9)
  A wyvern (D:8)
  A water moccasin (D:6)
  3 orc warriors
  A black bear (D:9)
  An ice beast (D:6)
  A phantom (D:7)
  3 sky beasts
  Purgy (Sewer)
  2 centaurs
  5 ogres
  A necrophage (D:8)
  2 big kobolds
  3 giant frogs
  An elf zombie (D:8)
  A wyvern skeleton (D:7)
  A troll zombie (D:8)
  3 scorpions
  6 wights
  3 crimson imps
  A giant frog zombie (D:5)
  5 hounds
  A jelly (D:9)
  2 centaur skeletons
  A gnoll shaman (D:7)
  A giant frog skeleton (D:8)
  2 human zombies (D:8)
  5 orc priests
  9 orc wizards
  3 human skeletons (D:8)
  5 iguanas
  Natasha (thrice) (D:4)
  5 worker ants
  A hound skeleton (D:4)
  2 mummies (D:8)
  A worker ant zombie (D:5)
  4 gnolls (D:7)
  14 adders
  2 shadow imps
  An ooze (D:4)
  2 adder zombies
  An adder skeleton (D:4)
  2 worms
  A dart slug (D:3)
  7 giant geckos
  18 orcs
  3 ball pythons
  8 giant cockroaches
  9 goblins
  9 hobgoblins
  6 jackals
  8 quokkas
  3 bats (D:2)
  8 giant newts
  13 kobolds
  A quokka skeleton (D:4)
  3 rats
220 creatures vanquished.

Notes
Turn   | Place    | Note
--------------------------------------------------------------
     0 | D:1      | Chiseanne the Centaur Air Elementalist began the quest for the Orb.
     0 | D:1      | Reached XP level 1. HP: 14/14 MP: 3/3
    58 | D:1      | Reached skill level 1 in Conjurations
   335 | D:1      | Reached XP level 2. HP: 20/22 MP: 0/4
  1247 | D:2      | Reached skill level 1 in Fighting
  1247 | D:2      | Reached XP level 3. HP: 23/28 MP: 2/5
  2222 | D:2      | Found a burning altar of Makhleb.
  2314 | D:3      | Reached XP level 4. HP: 30/35 MP: 7/7
  2390 | D:3      | Noticed a human
  2393 | D:3      | Found a runed door.
  2434 | D:3      | Found a basalt altar of Yredelemnul.
  2701 | D:3      | Learned a level 3 spell: Static Discharge
  2704 | D:3      | Learned a level 2 spell: Repel Missiles
  3066 | D:3      | Killed a human
  3066 | D:3      | Reached skill level 2 in Fighting
  3066 | D:3      | Reached XP level 5. HP: 30/42 MP: 5/8
  3105 | D:4      | Noticed Natasha
  3229 | D:4      | Got a scorched dagger
  3231 | D:4      | Identified the +5 dagger "Eviscerator" {pierce, +Blink +Rage MR- MP+9} (You found it on level 4 of the Dungeon)
  3335 | D:4      | Killed Natasha
  3519 | D:4      | Noticed Natasha
  3525 | D:4      | Killed Natasha
  3525 | D:4      | Reached XP level 6. HP: 50/50 MP: 4/10
  3779 | D:4      | Noticed Grinder
  3814 | D:4      | Reached skill level 3 in Fighting
  3877 | D:4      | Noticed Natasha
  3885 | D:4      | Killed Natasha
  4292 | D:4      | Reached XP level 7. HP: 43/57 MP: 5/11
  4407 | D:4      | Paralysed by Grinder for 2 turns
  4424 | D:4      | Killed Grinder
  4673 | D:4      | Found a radiant altar of Vehumet.
  4839 | D:5      | Entered Level 5 of the Dungeon
  5146 | D:5      | Reached skill level 4 in Fighting
  5221 | D:5      | Found a shattered altar of Ashenzari.
  5979 | D:6      | Reached XP level 8. HP: 48/67 MP: 3/13
  6029 | D:6      | Found Ciopeala's Antique Weapon Shop.
  6316 | D:6      | Noticed MrBudgens's ghost (novice MfIE)
  6536 | D:6      | Found a glowing drain.
  6544 | Sewer    | Entered a sewer
  6687 | Sewer    | Noticed Purgy
  6694 | Sewer    | Killed Purgy
  6983 | D:6      | Reached skill level 5 in Fighting
  7122 | D:6      | Reached skill level 5 in Conjurations
  7718 | D:6      | Killed MrBudgens's ghost
  7718 | D:6      | Reached XP level 9. HP: 68/75 MP: 2/16
  7996 | D:6      | Reached skill level 6 in Fighting
  8889 | D:7      | Noticed nikopol's ghost (novice HOBe)
  9141 | D:7      | Reached skill level 5 in Spellcasting
  9142 | D:7      | Found a huge runed gate.
  9142 | D:7      | Found a huge runed gate.
  9143 | D:7      | Found a huge runed gate.
  9143 | D:7      | Noticed a polar bear
  9143 | D:7      | Noticed a polar bear
  9144 | D:7      | Noticed a polar bear
  9144 | D:7      | Noticed a polar bear
  9144 | D:7      | Noticed a polar bear
  9145 | D:7      | Noticed a polar bear
  9147 | D:7      | Noticed a death yak
  9148 | D:7      | Noticed a polar bear
  9149 | D:7      | Found a huge runed gate.
 10010 | D:7      | Reached skill level 5 in Dodging
 10616 | D:7      | Found an oddly glowing altar of Pakellas.
 10733 | D:7      | Found a staircase to the Ecumenical Temple.
 10866 | Temple   | Entered the Ecumenical Temple
 11425 | D:8      | Reached skill level 7 in Fighting
 11908 | D:8      | Found a staircase to the Lair.
 12181 | D:8      | Found a sacrificial altar of Ru.
 13065 | D:8      | Reached XP level 10. HP: 68/85 MP: 11/18
 13132 | D:8      | Found an ancient bone altar of Kikubaaqudgha.
 13642 | D:9      | Got a fine helmet
 13648 | D:9      | Identified the +2 helmet of Autumn {rN++ Int-5 Dex+5} (You found it on level 9 of the Dungeon)
 14239 | D:9      | Noticed a hill giant
 14385 | D:8      | Reached skill level 8 in Fighting
 14518 | D:9      | Found an opulent altar of Gozag.
 14518 | D:9      | Found a white marble altar of Elyvilon.
 14521 | D:9      | Became a worshipper of Gozag Ym Sagoz the Greedy
 15823 | D:9      | Mangled by a merfolk

Skill      XL: |  1  2  3  4  5  6  7  8  9 10 |
---------------+-------------------------------+-----
Conjurations   | 1 2 3 4 5 6 |  6.9
Fighting       | 1 2 3 4 5 7 8 |  8.3
Spellcasting   | 2 3 4 5 6 |  6.4
Dodging        | 2 3 4 5 6 |  6.1
Stealth        | |  1.2
Air Magic      | |  2.6

Action                   |  1- 3 |  4- 6 |  7- 9 | 10-12 || total
-------------------------+-------+-------+-------+-------++-------
Melee: Spear             |    87 |    89 |   126 |    56 ||   358
       Kick              |    12 |    16 |    42 |    20 ||    90
       Dagger            |       |     2 |    48 |    39 ||    89
       Whip              |       |       |    25 |       ||    25
 Cast: Shock             |    34 |    51 |   238 |    97 ||   420
       Static Discharge  |       |     3 |    96 |    54 ||   153
       Repel Missiles    |       |       |     1 |       ||     1
Evoke: Wand              |       |     2 |    10 |       ||    12
  Use: Scroll            |     8 |     4 |    10 |     2 ||    24
       Potion            |       |       |     1 |       ||     1
 Stab: Paralysed         |       |       |    10 |       ||    10
       Sleeping          |       |       |       |     1 ||     1
  Eat: Chunk             |     4 |     6 |    26 |       ||    36
       Pizza             |       |       |     2 |       ||     2
       Royal jelly       |       |       |     1 |       ||     1
       Bread ration      |       |       |       |     5 ||     5
Armor: Robe              |    39 |    32 |    85 |    44 ||   200
Dodge: Dodged            |    57 |    48 |   182 |   127 ||   414
       Deflected         |       |       |     1 |     1 ||     2
